Map: Waterfall

Players

A.I. 1 (Very Easy) - Winner!

  • Race: Zerg Zerg
  • Spawn Location: 1:00

Pylonius

  • Race: Protoss Protoss
  • Spawn Location: 7:00

VOD

Have the link to the VOD?

Description

Time

  • Played on: Oct. 26, 2022, 6:18 a.m.
  • Length: 6:07
Show
View Real Time Build Order
Export as new Build Order

A.I. 1 (Very Easy) Zerg - Winner!

Build Orders: Pool Only 

Get SALT Encoding   

  12  0:00  Drone  
  13  0:12  Overlord  
  13  0:16  Drone  
  14  0:37  Spawning Pool  
  14  0:39  Extractor  
  14  0:40  Drone  
  13  0:47  Drone  
  14  0:53  Overlord  
  14  1:24  Queen, Zergling x2  
  17  1:32  Roach Warren  
  16  1:36  Drone  
  16  1:38  Extractor  
  16  1:44  Drone  
  17  1:51  Zergling x2  
  18  2:03  Drone  
  19  2:10  Drone  
  20  2:18  Zergling x2  
  20  2:19  Drone  
  22  2:29  Overlord  
  22  2:33  Drone  
  23  2:40  Drone  
  24  2:45  Roach  
  24  2:47  Drone  
  27  5:13  Zergling x2  
  28  5:19  Queen  
  24  5:22  Overlord  
  23  5:42  Roach  
Show
View Real Time Build Order
Export as new Build Order

Pylonius Protoss 

Build Orders:  

Get SALT Encoding   

  12  0:01  Probe  
  13  0:14  Probe  
  14  0:18  Pylon  
  14  0:26  Probe (Chrono Boost)  
  15  0:38  Probe (Chrono Boost)  
  15  0:39  Gateway  
  16  0:46  Probe (Chrono Boost)  
  17  0:50  Assimilator  
  17  0:52  Probe  
  18  1:04  Probe  
  19  1:16  Probe  
  20  1:26  Cybernetics Core  
  20  1:28  Probe  
  21  1:41  Probe  
  21  1:45  Pylon  
  22  1:53  Probe  
  23  2:06  Robotics Facility  
  23  2:10  Nexus  
  23  2:17  Assimilator  
  23  2:18  Probe (Chrono Boost)  
  24  2:23  Warp Gate  
  24  2:28  Probe (Chrono Boost)  
  25  2:32  Pylon  
  25  2:33  Probe (Chrono Boost)  
  26  2:45  Probe  
  27  2:51  Immortal (Chrono Boost)  
  27  2:57  Probe  
  32  3:09  Probe  
  33  3:21  Immortal (Chrono Boost), Probe  
  33  3:24  Probe  
  39  3:33  Probe  
  40  3:36  Probe  
  40  3:37  Gateway  
  41  3:45  Probe  
  41  3:47  Gateway  
  42  3:48  Probe  
  42  3:54  Immortal (Chrono Boost)  
  43  3:58  Probe  
  43  4:01  Probe  
  49  4:06  Pylon  
  49  4:10  Probe  
  50  4:21  Stalker  
  52  4:25  Immortal (Chrono Boost)  
  52  4:30  Pylon  
  56  4:34  Stalker  
  56  4:42  Stalker  
  60  4:45  Stalker  
  62  4:53  Stalker  
  64  5:04  Probe x2  
  66  5:12  Nexus  
  66  5:15  Pylon  
  66  5:16  Probe  
  66  5:17  Twilight Council  
  66  5:20  Forge  
  67  5:22  Stalker  
  67  5:27  Probe  
  70  5:31  Pylon  
  70  5:33  Probe  
  71  5:35  Assimilator  
  71  5:37  Assimilator  
  71  5:39  Stalker  
  71  5:40  Stalker  
  75  5:46  Probe  
  76  5:50  Probe  
Tags
 
Matchup
PvZ
Opening
Pool Only
Spawn Locations
Cross Positions
Add a new tag
Caveats
  • Supply blocks, unpowered buildings, or Contaminate may cause inaccurate times.
  • Supply counts are checked every 10 seconds.